 Dungeon Crawl Stone Soup version 0.27-a0-1123-g2f9bb313c0 (webtiles) character file.

Game seed: 5892218332597783348

79 kae the Chopper (level 4, -5/41 HPs)
             Began as a Hill Orc Fighter on May 3, 2021.
             Slain by an ogre
             ... wielding a +0 giant club
              (30 damage)
             ... on level 4 of the Dungeon.
             The game lasted 00:01:09 (2572 turns).

kae the Chopper (Hill Orc Fighter)                  Turns: 2572, Time: 00:01:10

Health: -5/41      AC:  7    Str: 19    XL:     4   Next: 37%
Magic:  4/4        EV:  7    Int:  8    God:
Gold:   42         SH:  9    Dex: 10    Spells: 3/3 levels left

rFire    . . .     SeeInvis .   a - +0 war axe
rCold    . . .     Faith    .   c - +0 kite shield
rNeg     . . .     Spirit   .   b - +0 scale mail
rPois    .         Reflect  .   (no helmet)
rElec    .         Harm     .   (no cloak)
rCorr    .         Rampage  .   (no gloves)
Will     .....                  (no boots)
Stlth    ..........             (no amulet)
HPRegen  0.13/turn              (no ring)
MPRegen  0.09/turn              (no ring)

@: no status effects
A: no striking features
a: no special abilities


You were on level 4 of the Dungeon.
You visited 1 branch of the dungeon, and saw 4 of its levels.

You collected 42 gold pieces.

Inventory:

Hand Weapons
 a - a +0 war axe (weapon)
Armour
 b - a +0 scale mail (worn)
 c - a +0 kite shield (worn)
Potions
 d - a potion of might
 e - a potion of brilliance {unknown}
 f - a potion of heal wounds {unknown}
 g - a potion of attraction {unknown}
 h - a potion of haste {unknown}
 i - a potion of lignification {unknown}


   Skills:
 + Level 4.3 Fighting
 * Level 4.6 Axes
 + Level 3.9 Armour
 - Level 3.2 Shields


You had 3 spell levels left.
You didn't know any spells.
Your spell library contained the following spells:

 Spells                   Type           Power      Damage    Failure   Level
 Foxfire                  Conj/Fire      0%         2x1d4     99%         1
 Conjure Flame            Conj/Fire      0%         6-21      100%        3
 Inner Flame              Hex/Fire       0%         N/A       100%        3
 Sticky Flame             Conj/Fire      0%         2d3       100%        4
 Fireball                 Conj/Fire      0%         3d3       100%        5


Dungeon Overview and Level Annotations

Branches:
Dungeon (3/15)

Altars:

Shops:
D:1 [


Message History

You see here a hobgoblin corpse.
You see here a ball python corpse.
i - a fizzy purple potion No target in view!
No target in view!
A giant cockroach comes into view.
A giant cockroach is nearby!
A giant cockroach is nearby!
You slash the giant cockroach!
You kill the giant cockroach!
No target in view!
No target in view!
No target in view!
No target in view!
You now have 42 gold pieces (gained 10).
Found a hand axe.
You see here a +0 hand axe.
An ogre comes into view. It is wielding a +0 giant club.
The ogre shouts!
A hound zombie comes into view.
Found a stone staircase leading down.
There are monsters nearby!
There are monsters nearby!
You aren't carrying any items that you can evoke.
Okay, then.
You aren't carrying any scrolls.
You aren't carrying any pieces of jewellery.
Your shield prevents you from hitting the ogre.
The ogre hits you with a +0 giant club!
You barely miss the ogre. You block the ogre's attack.
Your shield and scale mail prevent you from hitting the ogre.
The ogre barely misses you. x2
You hit the ogre.
The ogre is lightly wounded.
The ogre barely misses you.
You barely miss the ogre.
The ogre is lightly wounded.
The ogre hits you with a +0 giant club!!
Ouch! That really hurt!
You die...

#...... #......
..... Z... ..# #.#
#Z# #O# #@# #.#
#.#.#######
#.#.......#
#)#######.######.#
#.#####†..........
#.......#.#####.#.
###########.#
#...........#


You could see an ogre and a hound zombie.

Vanquished Creatures
  2 adders (D:2)
  3 worms (D:2)
  A dart slug (D:2)
  6 endoplasms
  3 giant cockroaches
  4 goblins
  3 hobgoblins
  A quokka (D:1)
  8 ball pythons
  3 bats
  2 frilled lizards (D:1)
  16 rats
52 creatures vanquished.

Notes
Turn   | Place    | Note
-------+----------+-------------------------------------------
     0 | D:1      | kae the Hill Orc Fighter began the quest for the Orb.
     0 | D:1      | Reached XP level 1. HP: 19/19 MP: 1/1
    14 | D:1      | Found a faded altar of an unknown god.
   164 | D:1      | Reached XP level 2. HP: 17/27 MP: 2/2
   300 | D:1      | Found Ladoufy's Antique Armour Shoppe.
   734 | D:1      | Reached XP level 3. HP: 33/33 MP: 3/3
  1680 | D:2      | Reached XP level 4. HP: 38/40 MP: 4/4
  2478 | D:3      | You fall into a shaft and drop 1 floor!
  2564 | D:4      | Noticed an ogre
  2572 | D:4      | Slain by an ogre

Illustrated notes

Levels and vault maps discovered:
D:1:      dpeg_arrival_simpleton_b, layout_basic,
          ebering_ecumenical_altar_abandoned, serial_shops,
          nicolae_shop_statue_plus, minivault_14, roderic_malta_cross,
          minmay_rat_gold_closets
D:2:      layout_basic
D:3:      layout_rooms, pdpol_wu_jian_five_deadly_venoms, ebering_ghost_gozag,
          uniq_crazy_yiuf_cottage
D:4:      layout_basic, ashenzari_altar_1, general_overflow_altar,
          minmay_temple_entry_hall

Skill      XL: |  1  2  3 |
---------------+----------+-----
Axes           | 3 4 |  4.6
Fighting       | 4 |  4.3
Armour         | |  3.9
Shields        | |  3.2

Action                   |  1- 3 |  4- 6 || total
-------------------------+-------+-------++-------
Melee: War axe           |   126 |    35 ||   161
  Use: Scroll            |     1 |       ||     1
Armor: Scale mail        |    54 |    13 ||    67
Dodge: Dodged            |    32 |    16 ||    48
Block: Kite shield       |    67 |    12 ||    79

Table legend: (Time is in decaauts)
 A = Elapsed time spent in this place.
 B = Non-inter-level travel time spent in this place.
 C = Inter-level travel time spent in this place.
 D = Time resting spent in this place.
 E = Time spent auto-exploring this place.
 F = Levels seen in this place.
 G = Mean time per level.
                   A        B        C        D        E       F      G
               +--------+--------+--------+--------+--------+-----+--------+
         Total |   2659 |   2567 |     92 |    175 |   2011 |   4 |  664.8 |
       Dungeon |   2659 |   2567 |     92 |    175 |   2011 |   4 |  664.8 |
               +--------+--------+--------+--------+--------+-----+--------+

Top non-repeatable levels by time:
     D:2: 1358 daAuts
     D:1: 1199 daAuts
     D:4: 99 daAuts
     D:3: 1 daAuts
